 Dungeon Crawl Stone Soup version 0.23-a0-622-g59b4ea9 (webtiles) character file.

128 Lilu the Magician (level 4, 0/25 HPs)
             Began as a Deep Elf Wizard on Dec 23, 2018.
             Succumbed to an adder's poison
             ... on level 3 of the Dungeon.
             The game lasted 00:10:02 (2475 turns).

Lilu the Magician (Deep Elf Wizard)                 Turns: 2475, Time: 00:10:03

Health: 0/25       AC:  2    Str: 15    XL:     4   Next: 87%
Magic:  13/13      EV: 13    Int: 23    God:
Gold:   90         SH:  0    Dex: 13    Spells: 2/13 levels left

rFire    + . .     SeeInvis .   g - +0 dagger
rCold    + . .     Gourm    .   (no shield)
rNeg     + . .     Faith    .   a - +0 robe
rPois    +         Spirit   .   b - +0 hat
rElec    +         Reflect  .   (no cloak)
rCorr    +         Harm     .   (no gloves)
MR       .....                  (no boots)
Stlth    ++........             (no amulet)
HPRegen  0.08/turn              c - ring of positive energy
MPRegen  0.13/turn              f - +5 ring of strength

@: mighty, lethally poisoned (0 -> -4), resistant, very slightly contaminated,
invisible
A: no striking features
a: no special abilities


You were on level 3 of the Dungeon.
You were hungry.

You visited 1 branch of the dungeon, and saw 3 of its levels.

You collected 90 gold pieces.

Inventory:

Hand Weapons
 g - a +0 dagger (weapon)
 C - a +0 hunting sling
Missiles
 j - 36 sling bullets
 n - 7 poisoned needles
Armour
 a - a +0 robe (worn)
 b - a +0 hat (worn)
 t - a +0 ring mail
Jewellery
 c - a ring of positive energy (left hand)
 f - a +5 ring of strength (right hand)
Scrolls
 e - a scroll of immolation {unknown}
 h - a scroll of teleportation {unknown}
 i - a scroll of magic mapping {unknown}
 k - a scroll of amnesia
 m - a scroll of remove curse {unknown}
 p - a scroll of random uselessness {unknown}
 q - a scroll of identify {unknown}
Comestibles
 d - 5 rations


   Skills:
 + Level 1.2 Fighting
 + Level 3.3 Dodging
 - Level 2.4 Stealth
 + Level 5.0 Spellcasting
 * Level 3.0 Conjurations
 + Level 1.2 Summonings
 + Level 1.4 Translocations
 + Level 0.7 Fire Magic
 + Level 0.6 Air Magic
 + Level 0.7 Poison Magic


You had 2 spell levels left.
You knew the following spells:

 Your Spells              Type           Power        Failure   Level  Hunger
a - Magic Dart            Conj           ###.         2%          1    None
b - Call Imp              Summ           ##......     9%          2    None
c - Blink                 Tloc           N/A          8%          2    None
d - Conjure Flame         Conj/Fire      ##......     13%         3    ##.....
e - Mephitic Cloud        Conj/Pois/Air  ##......     16%         3    ##.....

Your spell library contained the following spells:

 Spells                   Type           Power        Failure   Level  Hunger
 Slow                     Hex            #.......     14%         2    None


Dungeon Overview and Level Annotations

Branches:
Dungeon (3/15)

Altars:
Okawaru
Wu Jian
Yredelemnul

Portals:
Sewer: D:3


Message History

It was a potion of magic.
Magic courses through your body.
* * * LOW HITPOINT WARNING * * *
You feel sick.
Your white imp gestures at the giant cockroach.
The puff of frost hits the giant cockroach.
The giant cockroach dies!
It was a potion of resistance.
You feel protected.
It was a potion of invisibility.
You fade into invisibility!
* * * LOW HITPOINT WARNING * * *
You feel sick.
You are very lightly contaminated with residual magic.
It was a potion of might.
You feel very mighty all of a sudden.
You swap places.
* * * LOW HITPOINT WARNING * * *
You feel sick.
You hear the rapid rusting of a drain.
You die...

...........#.###..# #.#####.#
.............# ##.###.#≈≈≈#.#
......#......# #.##..#≈≈≈#.#
.......###.#..###.....#≈∩≈#.#
.........#..#.........#≈≈≈#.#
....................#.#≈≈≈#.#
%......#####........#.##'##.#
.....### ##..!....#†÷†....#
###### ##..@.5.5#.###..#
#.............##
###########.$## ###


You could see a friendly crimson imp and a friendly white imp.

Vanquished Creatures
  2 adders
  3 oozes
  An adder skeleton (D:2)
  2 worms (D:2)
  2 leopard geckos (D:1)
  2 orcs
  2 giant cockroaches
  9 goblins
  7 hobgoblins
  A quokka (D:2)
  3 ball pythons
  5 bats
  2 frilled lizards (D:2)
  7 kobolds
  20 rats
68 creatures vanquished.

Vanquished Creatures (collateral kills)
  2 adders (D:3)
  3 orcs (D:2)
  2 giant cockroaches (D:3)
  A kobold (D:2)
8 creatures vanquished.

Grand Total: 76 creatures vanquished

Notes
Turn   | Place    | Note
-------+----------+-------------------------------------------
     0 | D:1      | Lilu the Deep Elf Wizard began the quest for the Orb.
     0 | D:1      | Reached XP level 1. HP: 10/10 MP: 7/7
   200 | D:1      | Reached XP level 2. HP: 15/16 MP: 0/9
   277 | D:1      | Learned a level 2 spell: Call Imp
   280 | D:1      | Learned a level 2 spell: Blink
   626 | D:1      | Reached XP level 3. HP: 20/20 MP: 9/11
   858 | D:1      | Reached skill level 1 in Fighting
  1048 | D:1      | Learned a level 3 spell: Conjure Flame
  1052 | D:1      | Learned a level 3 spell: Mephitic Cloud
  1228 | D:2      | Found a basalt altar of Yredelemnul.
  1228 | D:2      | Found an iron altar of Okawaru.
  1236 | D:2      | Found an ornate altar of the Wu Jian Council.
  1279 | D:2      | Reached XP level 4. HP: 25/25 MP: 0/12
  2381 | D:3      | Reached skill level 5 in Spellcasting
  2386 | D:3      | Found a glowing drain.
  2472 | D:3      | HP: 1/25 [poisoned by an adder]
  2475 | D:3      | Succumbed to an adder's poison

Vault maps used:
D:1:      erik_arrival_orb_chamber, minmay_tetromino_l4
D:2:      grunt_temple_overflow_open, due_unseen_surprise
D:3:      first_ration, gup_sewer_entry_glass, uniq_purgy

Skill      XL: |  1  2  3  4 |
---------------+-------------+-----
Conjurations   | 2 3 |  3.0
Dodging        | 3 |  3.3
Fighting       | 1 |  1.2
Spellcasting   | 5 |  5.0
Stealth        | |  2.4
Summonings     | |  1.2
Translocations | |  1.4
Fire Magic     | |  0.7
Air Magic      | |  0.6
Poison Magic   | |  0.7

Action                   |  1- 3 |  4- 6 || total
-------------------------+-------+-------++-------
Melee: Dagger            |    19 |    24 ||    43
 Cast: Magic Dart        |   102 |    51 ||   153
       Call Imp          |       |     5 ||     5
       Blink             |       |     4 ||     4
  Use: Potion            |       |     4 ||     4
       Scroll            |       |     1 ||     1
 Stab: Sleeping          |       |     1 ||     1
  Eat: Chunk             |     1 |     3 ||     4
Armor: Robe              |     1 |    15 ||    16
Dodge: Dodged            |    20 |    40 ||    60

Table legend:
 A = Non-vault XP
 B = Vault XP
 C = Vault XP percentage of total XP
 D = Non-vault monster count
 E = Vault monster count
 F = Vault count percentage of total count
                 A         B        C        D         E       F
            +---------+---------+-------+---------+---------+-------
      Total |     142 |      42 |  22.8 |      58 |      18 |  23.7
            +---------+---------+-------+---------+---------+-------
        D:1 |      53 |      21 |  28.4 |      28 |      14 |  33.3
        D:2 |      61 |       0 |   0.0 |      24 |       0 |   0.0
        D:3 |      28 |      21 |  42.9 |       6 |       4 |  40.0
            +---------+---------+-------+---------+---------+-------
